 Dungeon Crawl Stone Soup version 0.20-a0-465-g6513c8f (webtiles) character file.

49 M4edhros the Sneak (level 3, 0/23 HPs)
             Began as an Octopode Artificer on Jan 12, 2017.
             Slain by a kobold
             ... wielding a +0 whip
              (5 damage)
             ... on level 3 of the Dungeon.
             The game lasted 00:01:08 (1124 turns).

M4edhros the Sneak (Octopode Artificer)             Turns: 1124, Time: 00:01:08

Health: 0/23       AC:  1    Str: 11    XL:     3   Next: 77%
Magic:  5/5        EV: 13    Int: 13    God:
Gold:   57         SH:  0    Dex: 13    Spells: 2/2 levels left

rFire  . . .     SeeInvis .     a - +0 short sword
rCold  . . .     Gourm    .     (no shield)
rNeg   . . .     Faith    .     (helmet restricted)
rPois  .         Spirit   .     (no amulet)
rElec  .         Reflect  .     (no ring)
rCorr  .         Harm     .     (no ring)
MR     .....                    (no ring)
Stlth  ++++......               (no ring)
                                (no ring)
                                (no ring)
                                (no ring)
                                (no ring)

@: no status effects
A: almost no armour, stealthy swim, amphibious, 8 rings, constrict 8, camouflage
1, gelatinous body 1
a: no special abilities


You were on level 3 of the Dungeon.
You were hungry.

You visited 1 branch of the dungeon, and saw 3 of its levels.

You collected 57 gold pieces.

Inventory:

Hand Weapons
 a - a +0 short sword (weapon)
Missiles
 h - 92 stones (quivered)
Wands
 b - a wand of flame (13/48)
 c - a wand of enslavement (12/24)
 d - a wand of random effects (15/48)
Scrolls
 e - 2 scrolls of remove curse
 i - 3 scrolls of identify {unknown}
Potions
 g - a potion of heal wounds {unknown}
 j - a potion of beneficial mutation {unknown}
 m - a potion of flight {unknown}
 n - a potion of mutation {unknown}
 o - a potion of magic {unknown}
Comestibles
 f - a bread ration
 k - 2 beef jerkies
 l - a meat ration


   Skills:
 - Level 1.0 Fighting
 - Level 1.0 Short Blades
 - Level 2.0 Dodging
 + Level 5.1 Stealth
 - Level 3.2 Evocations


You had 2 spell levels left.
You didn't know any spells.

Dungeon Overview and Level Annotations

Branches:
Dungeon (3/15)

Altars:
Makhleb


Innate Abilities, Weirdness & Mutations

You cannot wear most types of armour.
You are very stealthy in the water. (Stealth+)
You are amphibious.
You can wear up to eight rings at the same time.
You can use your tentacles to constrict eight enemies at once.
Your skin changes colour to match your surroundings (Stealth+).
Your rubbery body absorbs attacks. (AC +1, EV +1)


Message History

Evoke which item? (* to show all) (? for menu, Esc to quit)
Aiming: Enslavement
Press: ? - help, Shift-Dir - straight line, f/p - adder
Aim: an adder (lightly wounded, chance to defeat MR: 64%)
The adder is charmed.
This wand has 12 charges left.
You swap places.
The kobold closely misses your adder. What are your orders? t - Shout!
Orders for allies: a - Attack new target. p - Attack previous target. r - Retreat! s - Stop attacking. g - Guard the area. f - Follow me.
Anything else - Cancel.
Guard this area!
Your adder bites the kobold.
The kobold hits your adder with a whip.
Unknown command.
Your adder misses the kobold. x2
You see here a scroll labeled QYOFRI ZEACH.
The kobold hits you with a whip.
You die...

# .# .# . ..# ... #.#
....#########..
........@?.#.############
##.....SK...............
#....)...#.......######
#######.##....)..#
#.##.......# #.##.......#
#..#.......# #..#.......#
#..#.#######


You could see a kobold and a friendly adder.

Vanquished Creatures
  An adder (D:2)
  An ooze (D:1)
  2 worms (D:2)
  A dart slug (D:1)
  An orc (D:3)
  A ball python (D:1)
  A giant cockroach (D:1)
  6 hobgoblins
  7 kobolds
  3 frilled lizards
  A goblin (D:2)
  2 rats
27 creatures vanquished.

Notes
Turn   | Place    | Note
-------+----------+-------------------------------------------
     0 | D:1      | M4edhros the Octopode Artificer began the quest for the Orb.
     0 | D:1      | Reached XP level 1. HP: 13/13 MP: 3/3
    85 | D:1      | Reached skill level 2 in Stealth
   292 | D:1      | Reached XP level 2. HP: 13/18 MP: 4/4
   333 | D:1      | Reached skill level 3 in Stealth
   657 | D:1      | Reached skill level 4 in Stealth
   742 | D:2      | Reached XP level 3. HP: 16/23 MP: 5/5
   992 | D:3      | Found a burning altar of Makhleb.
  1104 | D:3      | Reached skill level 5 in Stealth
  1124 | D:3      | Slain by a kobold

Vault maps used:
D:1:      matt_arrival_refuge, minmay_tall_x
D:2:      minmay_ruptured
D:3:      overflow_temple_1_default, lemuel_crystal_altar, first_bread,
          kennysheep_orc_chapel, uniq_grinder, uniq_natasha, uniq_robin

Skill      XL: |  1  2  3 |
---------------+----------+-----
Stealth        | 2 4 5 |  5.1
Fighting       | |  1.0
Short Blades   | |  1.0
Dodging        | |  2.0
Evocations     | |  3.2

Action                   || total
-------------------------++-------
Melee: Short sword       ||    63
       Constrict         ||    12
       Tentacles         ||     7
Evoke: Wand              ||     5
  Use: Scroll            ||     1
 Stab: Sleeping          ||    11
Armor: Skin              ||     4
Dodge: Dodged            ||    30
